 Dungeon Crawl Stone Soup version 0.30-a0-782-ge64f9170bb (webtiles) character file.

Game seed: 15412124355567860569

38 Barriton the Insei (level 3, -2/28 HPs)
             Began as a Draconian Transmuter on Mar 7, 2023.
             Slain by a gnoll
             ... wielding a +1 heavy halberd
              (8 damage)
             ... on level 2 of the Dungeon.
             The game lasted 00:02:36 (930 turns).

Barriton the Insei (Draconian Transmuter)            Turns: 930, Time: 00:02:36

Health: -2/28      AC:  5    Str: 12    XL:     3   Next: 25%
Magic:  5/6        EV: 12    Int: 19    God:
Gold:   22         SH:  0    Dex: 13    Spells: 5/6 levels left

rFire   . . .      SeeInvis .      - Unarmed
rCold   . . .      Faith    .    (no shield)
rNeg    . . .      Spirit   .    (body armour unavailable)
rPois   .          Reflect  .    (helmet currently unavailable)
rElec   .          Harm     .    (no cloak)
rCorr   .          Rampage  .    (no gloves)
Will    .....                    (boots currently unavailable)
Stlth   +                        (no amulet)
HPRegen 0.24/turn                b - +6 ring of intelligence
MPRegen 0.10/turn                (no ring)

@: appendages
A: horns 2, talons 2, AC +5, unfitting armour, cold-blooded
a: End Transformation


You were on level 2 of the Dungeon.
You had temporarily grown beastly horns and talons.
You visited 1 branch of the dungeon, and saw 2 of its levels.

You collected 22 gold pieces.

Inventory:

Jewellery
 b - a +6 ring of intelligence (left hand)
Potions
 a - 2 potions of lignification


   Skills:
 + Level 1.1 Fighting
 + Level 2.2 Dodging
 * Level 3.5 Unarmed Combat
 + Level 2.2 Spellcasting
 * Level 2.5 Transmutations


You had 5 spell levels left.
You knew the following spells:

 Your Spells              Type           Power      Damage    Failure   Level
a - Beastly Appendage     Tmut           24%        N/A       6%          1

Your spell library contained the following spells:

 Spells                   Type           Power      Damage    Failure   Level
 Wereblood                Tmut           12%        N/A       9%          2
 Spider Form              Tmut/Pois      7%         N/A       28%         3
 Ice Form                 Ice/Tmut       7%         N/A       67%         4


Dungeon Overview and Level Annotations

Branches:
Dungeon (2/15)

Altars:


Innate Abilities, Weirdness & Mutations

You have temporarily grown beastly horns and talons.
Your plain brown scales are hard. (AC +5)
You cannot fit into any form of body armour.
You are cold-blooded and may be slowed by cold attacks.


Message History

Found a stone staircase leading down.
You see here a frilled lizard corpse.
Your transformation is almost over.
HP restored.
There is a stone staircase leading up here.
Your horns disappear.
Your talons disappear.
Found a robe.
Found 5 stones. 2 gnolls come into view.
A gnoll is wielding a +1 heavy halberd.
The gnoll shouts!
There are monsters nearby!
A gnoll comes into view. It is wielding a +0 spear.
The gnoll shouts!
Things that are here:
a +0 dagger; a goblin corpse You grow a pair of large bovine horns.
Your feet morph into talons.
The gnoll hits you from afar with a +1 heavy halberd.
You hit the gnoll.
The gnoll is lightly wounded.
The gnoll closely misses you.
You completely miss the gnoll.
You headbutt the gnoll, but do no damage.
The gnoll is lightly wounded.
The gnoll hits you from afar with a +1 heavy halberd.
The gnoll misses you.
The gnoll hits you from afar with a +0 spear!
You hit the gnoll but do no damage.
You tail-slap the gnoll, but do no damage.
The gnoll is lightly wounded.
The gnoll hits you from afar with a +0 spear.
The gnoll barely misses you. The gnoll hits you but does no damage.
You hit the gnoll.
The gnoll is moderately wounded.
The gnoll hits you with a +0 club.
* * * LOW HITPOINT WARNING * * *
The gnoll closely misses you.
You hit the gnoll. You claw the gnoll.
The gnoll is severely wounded.
The gnoll hits you from afar with a +1 heavy halberd!
You die...

#................#
.................#
##...............#
.................#
......>..........#
.
###.....<...>...##
#. ##...gg#.....##
.# ####g########
.## ####@#
..##....# ..#.####
#.#.# #<#.# #...#
#..## #.## #.#


You could see 3 gnolls.

Vanquished Creatures
  4 dart slugs (D:1)
  3 ball pythons (D:1)
  An endoplasm (D:1)
  2 goblins
  3 hobgoblins
  4 kobolds (D:1)
  A quokka (D:1)
  4 bats (D:1)
  5 frilled lizards
  A rat (D:1)
28 creatures vanquished.

Notes
Turn   | Place    | Note
-------+----------+-------------------------------------------
     0 | D:1      | Barriton the Draconian Transmuter began the quest for the
                  | Orb.
     0 | D:1      | Reached XP level 1. HP: 16/16 MP: 3/3
   100 | D:1      | Reached XP level 2. HP: 23/23 MP: 3/5
   494 | D:1      | Reached XP level 3. HP: 23/28 MP: 4/6
   496 | D:1      | Found a faded altar of an unknown god.
   930 | D:2      | Slain by a gnoll

Illustrated notes

Levels and vault maps discovered:
D:1:      noname_arrival_rooms_in_the_neighbourhood, layout_loops_ring,
          hellmonk_ecumenical_altar_pennies_from_heaven, minmay_misc_feat_roman
D:2:      layout_rooms, serial_shops, shop, minmay_misc_feat_hallway,
          corexii_corridor_pit

Skill      XL: |  1 |
---------------+----+-----
Dodging        | 2 |  2.2
Fighting       | |  1.1
Unarmed Combat | |  3.5
Spellcasting   | |  2.2
Transmutations | |  2.5

Action                     || total
---------------------------++-------
  Melee: Unarmed           ||    59
         Kick              ||    11
         Headbutt          ||     8
         Tailslap          ||     4
   Cast: Beastly Appendage ||    23
 Armour: Skin              ||    16
  Dodge: Dodged            ||    47

Table legend: (Time is in decaauts)
 A = Elapsed time spent in this place.
 B = Non-inter-level travel time spent in this place.
 C = Inter-level travel time spent in this place.
 D = Time resting spent in this place.
 E = Time spent auto-exploring this place.
 F = Levels seen in this place.
 G = Mean time per level.
                   A        B        C        D        E       F      G
               +--------+--------+--------+--------+--------+-----+--------+
         Total |    927 |    903 |     24 |      0 |    714 |   2 |  463.5 |
       Dungeon |    927 |    903 |     24 |      0 |    714 |   2 |  463.5 |
               +--------+--------+--------+--------+--------+-----+--------+

Top non-repeatable levels by time:
     D:1: 872 daAuts
     D:2: 55 daAuts
